AoeStats
← Chiripa605

Nomad

506828978Analyzed
4v4 RM · 17d ago on Sep 15, 2026· 34m 49s· 8 players
Game mode
Random Map
Map size
231×231
Population
200
Speed
Normal
Resources
Standard
Victory
Conquest
Starting age
Dark Age
Ending age
Imperial Age
RankedLock teamsTeams togetherTeam positionsShared explorationLock speedFull tech treeHidden civsTurbo modeCheats
Victory
Defeat
🇺🇸 Lithuanians · United States
1227
+13
🇹🇷 Celts · Türkiye
1206
+14
🇩🇪 Japanese · Germany
1203
+14
🇨🇳 Persians · China
1169
+16
🇮🇳 Italians · India
1284
-18
🇳🇱 Huns · Netherlands
1197
-15
🇭🇷 Khmer · Croatia
1097
-12
🇭🇷 Romans · Croatia
1094
-12
XJakeTheRipper7
9:01 Loom
16:56 Feudal Age
17:56 Double-Bit Axe
27:04 Castle Age
26:08 Wheelbarrow
25:30 Gold Mining
25:30 Stone Mining
25:21 Horse Collar
26:02 Scale Mail Armor
26:12 Forging
28:07 Bow Saw
27:31 Pikeman
28:28 Chain Mail Armor
31:52 Wheelbarrow
33:18 Heavy Plow
35:37 Hand Cart
Chiripa605
3:32 Loom
12:33 Feudal Age
13:07 Double-Bit Axe
19:31 Castle Age
17:15 Fishing Lines
18:11 Gold Mining
20:23 Medium Warships
20:37 Bow Saw
20:44 Gillnets
22:59 Wheelbarrow
25:47 Horse Collar
28:31 Bloodlines
28:38 Careening
28:25 Town Watch
29:16 Scale Barding Armor
31:17 Husbandry
32:04 Chain Barding Armor
34:40 Forging
axjhbl90
10:36 Loom
12:54 Feudal Age
13:17 Double-Bit Axe
20:33 Forging
20:47 Bloodlines
22:43 Scale Barding Armor
29:25 Castle Age
29:32 Light Cavalry
30:34 Chain Barding Armor
31:56 Bow Saw
sweetyboy
5:12 Loom
16:03 Feudal Age
16:58 Fishing Lines
20:25 Castle Age
19:24 Stone Mining
21:17 Gillnets
28:31 Medium Warships
31:12 Double-Bit Axe
Brüno
3:47 Loom
12:02 Feudal Age
16:31 Fletching
21:28 Castle Age
20:57 Horse Collar
Medina90
5:17 Loom
14:09 Feudal Age
16:29 Double-Bit Axe
23:38 Castle Age
25:08 Medium Warships
25:12 Gold Mining
26:07 Scale Barding Armor
26:13 Forging
32:06 Man-at-Arms
33:25 Long Swordsman
33:26 Pikeman
roko
10:46 Loom
15:00 Feudal Age
15:39 Double-Bit Axe
17:24 Man-at-Arms
20:10 Castle Age
18:24 Fishing Lines
19:25 Forging
19:40 Scale Mail Armor
21:24 Bow Saw
22:25 Long Swordsman
23:43 Iron Casting
24:06 Gold Mining
33:52 Squires
The OG PinkMan
4:36 Loom
15:55 Feudal Age
20:26 Castle Age
19:54 Double-Bit Axe
24:15 Bow Saw
23:59 Horse Collar
24:51 Heavy Plow
26:47 Stone Mining
28:56 Wheelbarrow
36:00 Imperial Age
34:33 Scale Mail Armor
34:43 Forging
Connection lost

Rejoining the realm…

Still unreachable

The connection could not be restored.

Session expired

The server has moved on; the page needs a fresh start.